 Dungeon Crawl Stone Soup version 0.25-a0-479-g8579842fd4 (webtiles) character file.

Game seed: 1593018932997403825, levelgen mode: deterministic

108 Tubor the Digger (level 4, -1/24 HPs)
             Began as a Gargoyle Earth Elementalist on Feb 9, 2020.
             Killed by divine providence
             ... invoked by an orc priest
              (15 damage)
             ... on level 3 of the Dungeon.
             The game lasted 00:04:45 (2668 turns).

Tubor the Digger (Gargoyle Earth Elementalist)      Turns: 2668, Time: 00:04:48

Health: -1/24      AC:  5    Str: 11    XL:     4   Next: 87%
Magic:  8/8        EV: 12    Int: 17    God:
Gold:   127        SH:  0    Dex: 10    Spells: 5/9 levels left

rFire    . . .     SeeInvis .   i - +2 dagger (elec)
rCold    . . .     Gourm    .   (no shield)
rNeg     + . .     Faith    .   c - +0 robe
rPois    ∞         Spirit   .   (no helmet)
rElec    +         Reflect  .   (no cloak)
rCorr    +         Harm     .   (no gloves)
MR       +....                  (no boots)
Stlth    ++........             (no amulet)
HPRegen  0.08/turn              a - ring of resist corrosion
MPRegen  0.11/turn              l - ring of protection from magic

@: no status effects
A: negative energy resistance 1, electricity resistance, unbreathing,
petrification resistance, rot immunity, AC +3
a: no special abilities


You were on level 3 of the Dungeon.
You were not hungry.

You visited 1 branch of the dungeon, and saw 3 of its levels.

You collected 127 gold pieces.

Inventory:

Hand Weapons
 i - a +2 dagger of electrocution (weapon)
 m - a +0 dagger of venom
 t - a +0 flail of draining
Armour
 c - a +0 robe (worn)
Jewellery
 a - a ring of resist corrosion (left hand)
 l - a ring of protection from magic (right hand)
Scrolls
 e - 2 scrolls of identify {unknown}
 f - a scroll of amnesia {unknown}
 g - a scroll of fear {unknown}
 h - a scroll of blinking {unknown}
 j - a scroll of teleportation {unknown}
 p - 2 scrolls of enchant armour {unknown}
 q - a scroll of remove curse {unknown}
 r - a scroll of fog {unknown}
Potions
 k - 2 potions of curing
 n - a potion of cancellation {unknown}
 o - a potion of magic {unknown}
 u - a potion of brilliance {unknown}
Comestibles
 d - 2 rations
 s - 5 chunks of flesh


   Skills:
 - Level 1.5 Dodging
 - Level 2.1 Stealth
 + Level 3.2 Spellcasting
 + Level 1.9 Conjurations
   Level 0.7 Transmutations
 + Level 5.0 Earth Magic


You had 5 spell levels left.
You knew the following spells:

 Your Spells              Type           Power        Failure   Level  Hunger
a - Sandblast             Erth           ###...       2%          1    None
b - Stone Arrow           Conj/Erth      ##....       12%         3    ###....

Your spell library contained the following spells:

 Spells                   Type           Power        Failure   Level  Hunger
 Passwall                 Tmut/Erth      ##......     8%          2    ##.....
 Petrify                  Tmut/Erth      ##......     45%         4    ####...
 Lee's Rapid Deconstruct  Erth           ###.......   52%         5    ######.


Dungeon Overview and Level Annotations

Branches:
Dungeon (3/15)

Altars:


Innate Abilities, Weirdness & Mutations

You are resistant to torment.
Your stone body is resilient. (AC +3)
You are immune to poison.
You resist negative energy. (rN+)
You are resistant to electric shocks. (rElec)
You can survive without breathing.
You are immune to petrification.
You are immune to rotting.


Message History

The orc priest mumbles some strange prayers to Beogh against you.
Beogh smites you!
Ouch! That really hurt!
The orc hits you but does no damage.
You are too injured to fight recklessly!
You are too injured to fight recklessly!
Casting: Stone Arrow (safe; 12% risk of failure)
Confirm with . or Enter, or press ? or * to list all spells.
You don't know that spell.
Unknown command.
Unknown command.
It was a potion of curing.
You feel better.
A hobgoblin comes into view.
The orc hits you with a cursed -3 club.
An orc priest comes into view. It is wielding a +0 flail.
The orc hits you but does no damage.
The orc priest calls down the wrath of Beogh upon you.
Beogh smites you!
Ouch! That really hurt!
You die...

....... .. .....(.###.#
...o....... ##
.o...?....### ...
............# ....
..........#.########g...
#######............oo.
).#÷#.#..........o.#
#.....#.†.......@o.#
###..##...#........#
.#....#.#..†.....###
####.)#.##.........#
.#.####.##.#.....#.#
.....[.....###...#.#
#######.#### #..$# .
).)[...)# ##### ..
.#<...### .#


You could see 2 orc priests, 2 orcs and a hobgoblin.

Vanquished Creatures
  An orc priest (D:3)
  A worker ant zombie (D:3)
  An ooze (D:1)
  A worm (D:2)
  2 dart slugs
  A leopard gecko (D:1)
  5 orcs
  8 bats
  2 giant cockroaches
  6 hobgoblins
  3 jackals (D:2)
  3 kobolds
  4 frilled lizards
  6 goblins
  5 rats (D:1)
  A fungus (D:1)
50 creatures vanquished.

Notes
Turn   | Place    | Note
-------+----------+-------------------------------------------
     0 | D:1      | Tubor the Gargoyle Earth Elementalist began the quest for
                  | the Orb.
     0 | D:1      | Reached XP level 1. HP: 10/10 MP: 3/3
   507 | D:1      | Reached skill level 4 in Earth Magic
   507 | D:1      | Reached XP level 2. HP: 15/15 MP: 1/5
  1065 | D:1      | Reached XP level 3. HP: 16/19 MP: 6/6
  1070 | D:1      | Learned a level 3 spell: Stone Arrow
  2161 | D:3      | Reached skill level 1 in Conjurations
  2358 | D:3      | Reached XP level 4. HP: 18/24 MP: 0/8
  2570 | D:3      | Reached skill level 5 in Earth Magic
  2668 | D:3      | Killed from afar by an orc priest

Levels and vault maps discovered:
D:1:      dpeg_cavernosity, layout_loops_ring
D:2:      layout_basic, first_ration
D:3:      minmay_wonky_spiral, layout_rooms, grunt_temple_overflow_open

Skill      XL: |  1  2  3  4 |
---------------+-------------+-----
Earth Magic    | 4 5 |  5.0
Conjurations   | 1 |  1.9
Spellcasting   | 3 |  3.2
Dodging        | |  1.5
Stealth        | |  2.1
Transmutations | |  0.7

Action                   |  1- 3 |  4- 6 || total
-------------------------+-------+-------++-------
Melee: Club              |    57 |       ||    57
       Unarmed           |     1 |       ||     1
       Mace              |    79 |     3 ||    82
       Dagger            |       |     7 ||     7
 Cast: Sandblast         |    34 |     5 ||    39
       Stone Arrow       |       |     1 ||     1
  Use: Potion            |     1 |     1 ||     2
 Stab: Sleeping          |     1 |     1 ||     2
  Eat: Chunk             |     5 |     1 ||     6
Armor: Robe              |    58 |     7 ||    65
Dodge: Dodged            |   143 |    12 ||   155

Table legend:
 A = Non-vault XP
 B = Vault XP
 C = Vault XP percentage of total XP
 D = Non-vault monster count
 E = Vault monster count
 F = Vault count percentage of total count
                 A         B        C        D         E       F
            +---------+---------+-------+---------+---------+-------
      Total |     140 |      15 |   9.7 |      42 |       7 |  14.3
            +---------+---------+-------+---------+---------+-------
        D:1 |      36 |       9 |  20.0 |      20 |       4 |  16.7
        D:2 |      26 |       0 |   0.0 |      11 |       0 |   0.0
        D:3 |      78 |       6 |   7.1 |      11 |       3 |  21.4
            +---------+---------+-------+---------+---------+-------
